 Dungeon Sprint DCSS version 0.22-a0-93-g6b88ebb (webtiles) character file.

54800000 Rottenbandages the Ninja (level 27, -4/249 HPs)
             Began as a Formicid Summoner on Jan 24, 2018.
             Was the Champion of Makhleb.
             Slain by an observer (12 damage)
             ... in the Dungeon (Sprint VIII: "Arena of Blood").
             The game lasted 00:05:05 (548 turns).

Rottenbandages the Ninja (Formicid Summoner)         Turns: 548, Time: 00:05:06

Health: -4/249     AC:  4    Str: 14    XL:     27
Magic:  54/54      EV: 35    Int: 18    God:    Makhleb [******]
Gold:   0          SH:  0    Dex: 20    Spells: 63/80 levels left

rFire    . . .     SeeInvis +   j - +∞ Axe of Woe
rCold    . . .     Gourm    .   (no shield)
rNeg     . . .     Faith    .   a - +0 robe
rPois    .         Spirit   .   (helmet unavailable)
rElec    .         Reflect  .   (no cloak)
rCorr    .         Harm     .   (no gloves)
MR       ++...                  (no boots)
Stlth    +++++++++.             (no amulet)
HPRegen  0.00/turn              (no ring)
MPRegen  0.34/turn              (no ring)

@: lethally poisoned (-4 -> -52), non-regenerating, diseased
A: permanent stasis, dig shafts and tunnels, four strong arms, antennae 3
a: Dig, Minor Destruction, Lesser Servant of Makhleb, Major Destruction, Greater
Servant of Makhleb, Renounce Religion


You were in the Dungeon.
You worshipped Makhleb.
Makhleb was exalted by your worship.
You were hungry.

You visited 1 branch


Innate Abilities, Weirdness & Mutations

You cannot be hasted, slowed, berserked, paralysed or teleported.
You can dig through walls and to a lower floor.
Your four strong arms can wield two-handed weapons with a shield.
You have a pair of large antennae on your head. (SInv)


   Skills:
 O Level 27 Fighting
 O Level 27 Axes
 O Level 27 Throwing
 O Level 27 Armour
 O Level 27 Dodging
 O Level 27 Stealth
 O Level 27 Unarmed Combat
 O Level 27 Spellcasting
 O Level 27 Hexes
 O Level 27 Summonings
 O Level 27 Ice Magic
 O Level 27 Air Magic
 O Level 27 Invocations


You had 63 spell levels left.
You knew the following spells:

 Your Spells              Type           Power        Failure   Level  Hunger
i - Call Canine Familiar  Summ           #######.     0%          3    None
o - Summon Guardian Gole  Hex/Summ       #######.     0%          3    None
p - Summon Ice Beast      Ice/Summ       #######.     0%          4    None
u - Call Imp              Summ           #######.     0%          2    None
y - Summon Small Mammal   Summ           ####         0%          1    None
Y - Summon Lightning Spi  Summ/Air       #######.     0%          4    None

Inventory:

Hand Weapons
 j - the +∞ Axe of Woe (weapon)
Armour
 a - a +0 robe (worn)
Scrolls
 i - a scroll of blinking
Potions
 f - a potion of haste
 g - 2 potions of magic
 h - a potion of berserk rage
Books
 b - a book of Callings

   Spells                             Type                      Level
   a - Summon Small Mammal            Summoning                    1
   b - Call Imp                       Summoning                    2
   c - Call Canine Familiar           Summoning                    3
   d - Summon Guardian Golem          Hexes/Summoning              3
   e - Summon Lightning Spire         Summoning/Air                4
   f - Summon Ice Beast               Ice/Summoning                4
Comestibles
 c - a ration

Dungeon Overview and Level Annotations

Branches:
Dungeon (1/1)

Altars:
Makhleb

........ %.%...{.. %.=.......
▒▒▒8..▒...▒ ▒..▒.▒...▒▒▒ ▒
▒..........▒ ▒▒▒##▒#......▒▒▒▒▒
....W.▒......))G.▒▒
....#.........).a.▒▒▒▒▒▒▒▒▒▒▒▒▒▒▒
.▒...▒........)..▒.▒.▒.▒.▒.▒.▒.▒.
▒.▒.▒.▒.▒...▒...▒.▒.▒.▒.▒.▒.▒.▒.▒
▓▓▓▓▓▓▓▓▓.▒.▒▒▒.▒▒▒▒▒▒▒▒▒▒▒▒▒▒▒▒▒
▓ ▒▒ ▒▒.▒ ▒▒


You could see an observer (invisible).


Message History

The observer gazes at you! The bolt of fire hits you!!!
You hear a shout!!! x8
The observer pulsates ominously!
The observer gazes at you!
The fireball explodes!!!
The fireball engulfs you!!! * * * don't die
* * * You take 121 damage, and have 80/249 hp!
MASSIVE DAMAGE!!!!!!
You bump into the rock wall!
You feel very sick!
You hear a shout!!! x15
You take 4 damage, and have 76/249 hp!
Unknown command!
Unknown command!
You bump into the rock wall!
You feel very sick!
You hear a shout!!!
The observer gazes at you!
The fireball explodes!!!
The fireball engulfs you!!! * * * don't die
* * * You hear a shout!!! x8
You take 64 damage, and have 12/249 hp!
MASSIVE DAMAGE!!!!!!
Unknown command!
You feel less confused! * * * don't die
* * * You feel very sick!
You hear a shout!!! x3
The observer bites you!!! rip

Action                   |  1- 3 |  4- 6 |  7- 9 | 10-12 | 13-15 | 16-18 | 19-21 | 22-24 | 25-27 || total
-------------------------+-------+-------+-------+-------+-------+-------+-------+-------+-------++-------
Melee: Executioner's axe |     1 |       |       |     1 |     2 |     2 |     2 |     3 |    15 ||    26
 Abil: Dig               |     1 |       |       |       |       |       |       |       |     4 ||     5
  Use: Potion            |       |       |       |       |       |       |       |       |     2 ||     2
  Eat: Chunk             |       |       |       |       |       |       |       |       |     1 ||     1
Dodge: Dodged            |       |       |       |       |       |     2 |       |     1 |    10 ||    13

Vault maps used:
D:        meatsprint

Notes
Turn   | Place    | Note
-------+----------+-------------------------------------------
     0 | D        | Found the +∞ Axe of Woe
     0 | D        | Rottenbandages the Formicid Summoner began the quest for the Orb.
     0 | D        | Reached XP level 1. HP: 13/13 MP: 3/3
     3 | D        | Noticed a bag of meat
     3 | D        | Noticed a bag of meat
     4 | D        | Became a worshipper of Makhleb the Destroyer
     5 | D        | Noticed a bag of meat
     6 | D        | HP: 1/13 [bag of meat/+9 war axe (12)]
     7 | D        | Noticed a bag of meat
     7 | D        | Killed a bag of meat
     7 | D        | Reached skill level 12 in Fighting
     7 | D        | Reached skill level 11 in Axes
     7 | D        | Reached skill level 10 in Dodging
     7 | D        | Reached skill level 14 in Stealth
     7 | D        | Reached skill level 11 in Spellcasting
     7 | D        | Reached skill level 12 in Summonings
     7 | D        | Reached skill level 13 in Invocations
     7 | D        | Reached XP level 2. HP: 3/38 MP: 3/14
     7 | D        | Reached XP level 3. HP: 4/44 MP: 3/16
     7 | D        | Reached XP level 4. HP: 4/51 MP: 3/17
     7 | D        | Reached XP level 5. HP: 5/57 MP: 3/19
     7 | D        | Reached XP level 6. HP: 5/64 MP: 3/20
     7 | D        | Reached XP level 7. HP: 6/70 MP: 3/22
     7 | D        | Reached XP level 8. HP: 7/76 MP: 3/23
     7 | D        | Reached XP level 9. HP: 7/82 MP: 3/24
     7 | D        | Reached XP level 10. HP: 8/89 MP: 3/25
     7 | D        | Reached XP level 11. HP: 8/95 MP: 3/26
     7 | D        | Reached XP level 12. HP: 9/102 MP: 3/27
     8 | D        | Noticed a bag of meat
     8 | D        | Noticed a meat berserker
     8 | D        | Noticed a bag of meat
     8 | D        | Noticed a bag of meat
     8 | D        | Noticed a bag of meat
     8 | D        | Noticed a meat berserker
     8 | D        | Killed a bag of meat
     8 | D        | Reached * piety under Makhleb
     8 | D        | Reached skill level 14 in Fighting
     8 | D        | Reached skill level 13 in Axes
     8 | D        | Reached skill level 12 in Dodging
     8 | D        | Reached skill level 16 in Stealth
     8 | D        | Reached skill level 13 in Spellcasting
     8 | D        | Reached skill level 13 in Summonings
     8 | D        | Reached skill level 15 in Invocations
     8 | D        | Reached XP level 13. HP: 11/113 MP: 3/30
     8 | D        | Noticed a bag of meat
     9 | D        | Noticed a bag of meat
     9 | D        | Noticed a bag of meat
     9 | D        | Noticed a meat berserker
     9 | D        | Noticed a bag of meat
     9 | D        | Noticed a bag of meat
     9 | D        | Noticed a bag of meat
    10 | D        | Noticed a meat berserker
    10 | D        | Noticed a bag of meat
    10 | D        | Killed a bag of meat
    10 | D        | Reached skill level 15 in Fighting
    10 | D        | Reached skill level 14 in Axes
    10 | D        | Reached skill level 13 in Dodging
    10 | D        | Reached skill level 17 in Stealth
    10 | D        | Reached skill level 14 in Spellcasting
    10 | D        | Reached skill level 14 in Summonings
    10 | D        | Reached skill level 16 in Invocations
    10 | D        | Reached XP level 14. HP: 12/123 MP: 3/32
    10 | D        | Killed a meat berserker
    10 | D        | Reached skill level 17 in Fighting
    10 | D        | Reached skill level 16 in Axes
    10 | D        | Reached skill level 15 in Dodging
    10 | D        | Reached skill level 20 in Stealth
    10 | D        | Reached skill level 16 in Spellcasting
    10 | D        | Reached skill level 16 in Summonings
    10 | D        | Reached skill level 18 in Invocations
    10 | D        | Reached XP level 15. HP: 114/134 MP: 3/35
    11 | D        | Noticed a meat berserker
    11 | D        | Killed a meat berserker
    11 | D        | Reached ** piety under Makhleb
    11 | D        | Reached skill level 18 in Fighting
    11 | D        | Reached skill level 17 in Axes
    11 | D        | Reached skill level 16 in Dodging
    11 | D        | Reached skill level 21 in Stealth
    11 | D        | Reached skill level 17 in Spellcasting
    11 | D        | Reached skill level 17 in Summonings
    11 | D        | Reached skill level 20 in Invocations
    11 | D        | Reached XP level 16. HP: 123/145 MP: 4/37
    12 | D        | Noticed a large bag of meat
    12 | D        | Reached skill level 19 in Fighting
    12 | D        | Reached skill level 18 in Axes
    12 | D        | Reached skill level 17 in Dodging
    12 | D        | Reached skill level 22 in Stealth
    12 | D        | Reached skill level 18 in Spellcasting
    12 | D        | Reached skill level 18 in Summonings
    12 | D        | Reached skill level 20 in Fighting
    12 | D        | Reached skill level 23 in Stealth
    12 | D        | Reached skill level 19 in Summonings
    12 | D        | Reached skill level 21 in Invocations
    12 | D        | Reached XP level 17. HP: 155/155 MP: 4/39
    13 | D        | Noticed a meat berserker
    13 | D        | Reached *** piety under Makhleb
    13 | D        | Reached skill level 19 in Axes
    13 | D        | Reached skill level 18 in Dodging
    13 | D        | Reached skill level 19 in Spellcasting
    13 | D        | Reached skill level 22 in Invocations
    13 | D        | Reached skill level 21 in Fighting
    13 | D        | Reached skill level 24 in Stealth
    13 | D        | Reached skill level 20 in Summonings
    13 | D        | Reached XP level 18. HP: 166/166 MP: 4/41
    13 | D        | Killed a meat berserker
    13 | D        | Reached skill level 22 in Fighting
    13 | D        | Reached skill level 20 in Axes
    13 | D        | Reached skill level 19 in Dodging
    13 | D        | Reached skill level 25 in Stealth
    13 | D        | Reached skill level 20 in Spellcasting
    13 | D        | Reached skill level 21 in Summonings
    13 | D        | Reached skill level 23 in Invocations
    13 | D        | Killed a meat berserker
    13 | D        | Reached **** piety under Makhleb
    13 | D        | Reached skill level 23 in Fighting
    13 | D        | Reached skill level 21 in Axes
    13 | D        | Reached skill level 20 in Dodging
    13 | D        | Reached skill level 26 in Stealth
    13 | D        | Reached skill level 21 in Spellcasting
    13 | D        | Reached skill level 22 in Summonings
    13 | D        | Reached skill level 25 in Invocations
    13 | D        | Reached XP level 19. HP: 178/178 MP: 4/44
    13 | D        | Reached skill level 22 in Axes
    13 | D        | Reached skill level 21 in Dodging
    13 | D        | Reached skill level 27 in Stealth
    13 | D        | Reached skill level 22 in Spellcasting
    15 | D        | Noticed a large bag of meat
    15 | D        | Reached skill level 24 in Fighting
    15 | D        | Reached skill level 23 in Summonings
    15 | D        | Reached skill level 26 in Invocations
    15 | D        | Reached skill level 23 in Axes
    15 | D        | Reached skill level 23 in Spellcasting
    15 | D        | Reached XP level 20. HP: 190/190 MP: 5/47
    15 | D        | Reached ***** piety under Makhleb
    15 | D        | Reached skill level 25 in Fighting
    15 | D        | Reached skill level 22 in Dodging
    15 | D        | Reached skill level 24 in Summonings
    15 | D        | Reached skill level 27 in Invocations
    15 | D        | Killed a meat berserker
    15 | D        | Reached skill level 26 in Fighting
    15 | D        | Reached skill level 24 in Axes
    15 | D        | Reached skill level 23 in Dodging
    15 | D        | Reached skill level 25 in Spellcasting
    15 | D        | Reached skill level 25 in Summonings
    17 | D        | Noticed a meat berserker
    17 | D        | Reached skill level 27 in Fighting
    17 | D        | Reached skill level 25 in Axes
    17 | D        | Reached XP level 21. HP: 166/204 MP: 6/50
    17 | D        | Killed a meat berserker
    17 | D        | Reached skill level 26 in Axes
    17 | D        | Reached skill level 25 in Dodging
    17 | D        | Reached skill level 26 in Spellcasting
    17 | D        | Reached skill level 26 in Summonings
    17 | D        | Reached skill level 27 in Axes
    17 | D        | Reached skill level 26 in Dodging
    17 | D        | Reached skill level 27 in Spellcasting
    17 | D        | Reached skill level 27 in Summonings
    17 | D        | Reached skill level 27 in Dodging
    17 | D        | Reached skill level 7 in Throwing
    17 | D        | Reached skill level 8 in Armour
    17 | D        | Reached skill level 7 in Unarmed Combat
    17 | D        | Reached skill level 11 in Throwing
    17 | D        | Reached skill level 12 in Armour
    17 | D        | Reached skill level 11 in Unarmed Combat
    17 | D        | Reached XP level 22. HP: 212/212 MP: 6/53
    18 | D        | Noticed a meat berserker
    18 | D        | Noticed a meat berserker
    21 | D        | Noticed a large bag of meat
    21 | D        | Killed a large bag of meat
    21 | D        | Reached ****** piety under Makhleb
    21 | D        | Reached skill level 15 in Throwing
    21 | D        | Reached skill level 17 in Armour
    21 | D        | Reached skill level 15 in Unarmed Combat
    21 | D        | Killed a meat berserker
    21 | D        | Reached skill level 18 in Throwing
    21 | D        | Reached skill level 20 in Armour
    21 | D        | Reached skill level 18 in Unarmed Combat
    21 | D        | Killed a meat berserker
    21 | D        | Reached skill level 21 in Throwing
    21 | D        | Reached skill level 22 in Armour
    21 | D        | Reached skill level 21 in Unarmed Combat
    21 | D        | Reached XP level 23. HP: 219/219 MP: 7/54
    21 | D        | Reached skill level 22 in Throwing
    21 | D        | Reached skill level 24 in Armour
    21 | D        | Reached skill level 22 in Unarmed Combat
    21 | D        | Reached skill level 23 in Throwing
    21 | D        | Reached skill level 25 in Armour
    21 | D        | Reached skill level 23 in Unarmed Combat
    22 | D        | Noticed a large bag of meat
    23 | D        | Noticed a large bag of meat
    23 | D        | Killed a large bag of meat
    23 | D        | Reached skill level 25 in Throwing
    23 | D        | Reached skill level 26 in Armour
    23 | D        | Reached skill level 25 in Unarmed Combat
    23 | D        | Reached skill level 26 in Throwing
    23 | D        | Reached skill level 27 in Armour
    23 | D        | Reached skill level 26 in Unarmed Combat
    23 | D        | Reached XP level 24. HP: 227/227 MP: 7/54
    23 | D        | Reached skill level 27 in Throwing
    23 | D        | Reached skill level 27 in Unarmed Combat
    29 | D        | Noticed a destroyer
    29 | D        | Noticed a destroyer
    29 | D        | Reached XP level 25. HP: 234/234 MP: 9/54
    32 | D        | Killed a large bag of meat
    36 | D        | Noticed a destroyer
    37 | D        | Killed a destroyer
    37 | D        | Reached XP level 26. HP: 242/242 MP: 12/54
    38 | D        | Killed a large bag of meat
    42 | D        | Killed a large bag of meat
    42 | D        | Reached XP level 27. HP: 249/249 MP: 13/54
    55 | D        | Killed a destroyer
   115 | D        | Learned a level 2 spell: Call Imp
   119 | D        | Learned a level 3 spell: Call Canine Familiar
   123 | D        | Learned a level 3 spell: Summon Guardian Golem
   128 | D        | Learned a level 4 spell: Summon Ice Beast
   133 | D        | Learned a level 4 spell: Summon Lightning Spire
   504 | D        | Noticed a meat beast
   504 | D        | Noticed a vile
   506 | D        | Noticed a vile
   506 | D        | Noticed a vile
   509 | D        | Killed a vile
   512 | D        | Killed a vile
   515 | D        | Killed a vile
   515 | D        | Reached skill level 27 in Hexes
   515 | D        | Reached skill level 27 in Ice Magic
   515 | D        | Reached skill level 27 in Air Magic
   518 | D        | Killed a meat beast
   523 | D        | Noticed a vile
   525 | D        | Noticed a vile
   526 | D        | Noticed a vile
   533 | D        | HP: 1/248 [meat berserker/+9 battleaxe (35)]
   534 | D        | Killed a vile
   537 | D        | Killed a vile
   537 | D        | Killed a vile
   547 | D        | HP: 12/249 [observer/fireball (61)]
   548 | D        | Slain by an observer

Vanquished Creatures
  6 molten gargoyles (D)
  A hell beast (D)
  A great orb of eyes (D)
  2 vampire knights (D)
  12 ogres (D)
  5 two-headed ogres (D)
  26 orcs (D)
  2 phantoms (D)
  2 skeletal warriors (D)
  A small abomination (D)
58 creatures vanquished.

Vanquished Creatures (others)
  4 crawling corpses (D)
4 creatures vanquished.

Grand Total: 62 creatures vanquished
